 Dungeon Crawl Stone Soup version 0.31.0-32-g396128a36d (webtiles) character file.

Game seed: 8677805806715382396

959 Alphaeus the Changeling (level 7, -2/35 HPs)
             Began as a Spriggan Shapeshifter on Mar 19, 2024.
             Slain by a gnoll
             ... wielding a +0 halberd
              (9 damage)
             ... on level 4 of the Dungeon.
             The game lasted 00:03:15 (2983 turns).

Alphaeus the Changeling (Spriggan Shapeshifter)     Turns: 2983, Time: 00:03:15

Health: -2/35      AC:  2    Str: 12    XL:     7   Next: 91%
Magic:  8/8        EV: 19    Int: 11    God:
Gold:   181        SH:  0    Dex: 15    Spells: 6/6 levels left

rFire   . .          .
                       - Unarmed
rCold   . . .        (no shield)
rNeg    . . .        a - +0 animal skin
rPois   .            (helmet currently unavailable)
rElec   .            (cloak currently unavailable)
rCorr   .            (gloves unavailable)
SInv    +            (boots unavailable)
Will    +....        (no amulet)
Stlth   +            (no ring)
HPRegen 0.25/turn    (no ring)
MPRegen 0.11/turn

%: no passive effects
@: beast-form, very quick
A: beast (slay +4), very small, no large weapons, unfitting armour, see
invisible, speed 3
a: Begin Untransformation


You were on level 4 of the Dungeon.
You were a hulking beast.
You visited 1 branch of the dungeon, and saw 4 of its levels.

You collected 181 gold pieces.

Inventory:

Armour
 a - a +0 animal skin (worn)
 h - a +0 cloak
Jewellery
 b - a ring of resist corrosion
 k - a ring of ice
Talismans
 c - a beast talisman
 d - a flux talisman
Wands
 o - a wand of light (8)
 p - a wand of polymorph (14)
Scrolls
 e - 2 scrolls of noise {unknown}
 i - 8 scrolls of identify {unknown}
 n - a scroll of revelation {unknown}
 q - a scroll of brand weapon {unknown}
Potions
 f - a potion of curing
 g - a potion of enlightenment {unknown}
 j - a potion of degeneration {unknown}
 l - a potion of mutation {unknown}
 m - a potion of might {unknown}


   Skills:
 + Level 2.9 Fighting
 + Level 5.3 Dodging
 * Level 5.0 Unarmed Combat
 * Level 7.6 Shapeshifting


You had 6 spell levels left.
You didn't know any spells.
Your spell library contained the following spells:

 Spells                   Type           Power      Damage    Failure   Level
 Slow                     Hex            0%         N/A       34%         1
 Blink                    Tloc           0%         N/A       47%         2
 Lesser Beckoning         Tloc           0%         N/A       47%         2
 Momentum Strike          Conj/Tloc      0%         3d8       47%         2
 Confusing Touch          Hex            0%         N/A       71%         3
 Sigil of Binding         Hex            0%         N/A       71%         3
 Vampiric Draining        Necr           0%         2d6       71%         3


Dungeon Overview and Level Annotations

Branches:
Dungeon (4/15)
 Temple: D:4-7

Altars:
Zin


Innate Abilities, Weirdness & Mutations

You are a hulking beast.
Your limbs bulge with bestial killing power. (Slay +4)
You are very small and have problems with some larger weapons.
You are too small for most types of armour.
You have supernaturally acute eyesight. (SInv)
You cover ground extremely quickly. (Speed+++)


Message History

You closely miss the kobold.
A gnoll comes into view. It is wielding a +0 flail.
The gnoll misses you. The kobold closely misses you.
You hit the gnoll.
The gnoll is moderately wounded.
The gnoll hits you from afar with a +0 spear.
The kobold closely misses you. x2; The kobold hits you with a +0 whip.
The gnoll closely misses you.
You barely miss the gnoll.
The gnoll is moderately wounded.
The gnoll misses you. The kobold misses you. The kobold barely misses you.
The kobold misses you. The gnoll completely misses you.
The hobgoblin misses you.
You hit the gnoll.
The gnoll is severely wounded.
The gnoll closely misses you. The kobold barely misses you. x3
The gnoll hits you with a +0 flail! The hobgoblin misses you.
You hit the gnoll.
You kill the gnoll!
The kobold barely misses you.
The gnoll hits you from afar with a +0 spear.
The kobold misses you. The kobold closely misses you.
The gnoll closely misses you. The hobgoblin completely misses you.
You are too injured to fight recklessly!
You are too injured to fight recklessly!
You are too injured to fight recklessly!
You are too injured to fight recklessly!
You are too injured to fight recklessly!
You are too injured to fight recklessly!
You are too injured to fight recklessly!
You are too injured to fight recklessly!
You are too injured to fight recklessly!
You are too injured to fight recklessly!
You are too injured to fight recklessly!
The hobgoblin misses you. The kobold attacks as it pursues you!
The kobold hits you with a +0 whip.
* * * LOW HITPOINT WARNING * * *
The gnoll attacks as it pursues you!
The gnoll hits you from afar with a +0 halberd!
You die...

### #.. ######## ####### #..
#......## ##.....# #.g
#.......###......'
#g##........#.......#
#..g........#........
#ggg........'........
#KKKh.......#........
#g##........#.......# #..
#.......###......' #≈≈≈≈≈≈≈#..
#.(....## ##.....# #≈≈≈≈≈≈≈#..
##################
#≈≈≈≈≈≈≈#####≈≈≈≈≈≈≈≈≈≈≈≈≈≈≈≈≈
#≈~≈≈≈≈≈≈≈≈≈≈≈~≈≈≈≈≈≈≈≈≈≈≈≈≈≈≈
#≈~≈~~~~~~~~~~~~~~~~~≈≈~~~≈~~~
#..~~.~~...~.~.~...~~~~~.~..~~


You could see 3 gnolls, 4 hobgoblins and 3 kobolds.

Vanquished Creatures
  Pikel (D:4)
  3 kobold brigands (D:4)
  A bombardier beetle (D:3)
  An orc priest (D:4)
  Jessica (D:2)
  4 gnolls (D:4)
  4 adders
  3 ribbon worms (D:2)
  4 orcs (D:4)
  3 bats
  5 endoplasms
  3 giant cockroaches
  4 goblins
  6 hobgoblins
  3 jackals (D:1)
  14 kobolds
  4 quokkas
  6 ball pythons
  4 frilled lizards
  4 rats
78 creatures vanquished.

Notes
Turn   | Place    | Note
-------+----------+-------------------------------------------
     0 | D:1      | Alphaeus the Spriggan Shapeshifter began the quest for the
                  | Orb.
     0 | D:1      | Reached XP level 1. HP: 9/9 MP: 2/2
   133 | D:1      | Reached skill level 1 in Fighting
   133 | D:1      | Reached XP level 2. HP: 14/14 MP: 3/3
   188 | D:1      | Found a faded altar of an unknown god.
   226 | D:1      | Prayed at the altar of an unknown god.
   489 | D:2      | Reached XP level 3. HP: 18/18 MP: 4/4
   573 | D:2      | Noticed Jessica
   599 | D:2      | Killed Jessica
   626 | D:2      | Reached XP level 4. HP: 22/22 MP: 5/5
   725 | D:2      | Reached skill level 5 in Shapeshifting
  1626 | D:3      | Reached XP level 5. HP: 19/25 MP: 6/6
  2445 | D:4      | Noticed a lemure
  2445 | D:4      | Noticed a lemure
  2447 | D:4      | Noticed Pikel
  2447 | D:4      | Noticed a lemure
  2447 | D:4      | Noticed a lemure
  2470 | D:4      | HP: 1/39 [lemure[Pikel] (3)]
  2473 | D:4      | Killed Pikel
  2474 | D:4      | Reached skill level 7 in Shapeshifting
  2474 | D:4      | Reached XP level 6. HP: 2/32 MP: 7/7
  2474 | D:4      | Reached XP level 7. HP: 2/35 MP: 8/8
  2484 | D:4      | Reached skill level 5 in Dodging
  2973 | D:4      | Reached skill level 5 in Unarmed Combat
  2983 | D:4      | Slain by a gnoll

Illustrated notes

Levels and vault maps discovered:
D:1:      amcnicky_arrival_wind_blow, layout_rooms, basic_ecumenical_altar
D:2:      layout_basic, uniq_jessica
D:3:      layout_loops_ring
D:4:      minmay_goblin_kobold_castle, layout_basic, uniq_pikel

Skill      XL: |  1  2  3  4  5  6  7 |
---------------+----------------------+-----
Fighting       | 1 2 |  2.9
Dodging        | 3 4 5 |  5.3
Unarmed Combat | 3 4 5 |  5.0
Shapeshifting  | 5 7 |  7.6

Action                     |  1- 3 |  4- 6 |  7- 9 || total
---------------------------+-------+-------+-------++-------
  Melee: Unarmed           |    84 |   115 |    74 ||   273
         Punch             |       |     2 |     1 ||     3
    Use: Potion            |       |     1 |     1 ||     2
   Stab: Sleeping          |       |       |     1 ||     1
 Armour: Animal skin       |    22 |    21 |    23 ||    66
         Skin              |       |    13 |     8 ||    21
  Dodge: Dodged            |    57 |    72 |    88 ||   217
